PBL
COLORADO AVALANCHE @ PORTLAND ANGELS
07/27/2045
 
TOP OF THE 1ST
Colorado Avalanche batting - Pitching for Portland Angels : RHP Travis Plesz
Pitching: RHP Travis Plesz
Batting: RHB Zakhar Edelman 0-0: Foul Ball, location: 2F
0-1: Ball
1-1: Called Strike
1-2: Ball
2-2: Fly out, F3 (Line Drive, 3, EV 69.4 MPH)
Batting: LHB Michael Krott 0-0: Ball
1-0: Foul Ball, location: 2F
1-1: Called Strike
1-2: Foul Ball, location: 2F
1-2: Ball
2-2: Ball
3-2: DOUBLE (Line Drive, 3D, EV 100.0 MPH)
Batting: RHB Ray Insley 0-0: Ball
1-0: DOUBLE (Line Drive, 5D, EV 93.8 MPH)
Michael Krott scores
Batting: LHB Harry Folsom 0-0: Ball
1-0: Ball
2-0: Fly out, F7 (Line Drive, 7, EV 102.5 MPH)
Batting: RHB Matviy Oliynyk 0-0: Called Strike
0-1: DOUBLE (Groundball, 5L, EV 101.9 MPH)
Ray Insley scores
Batting: RHB Wali Mulogo 0-0: Ball
Wild Pitch!
Matviy Oliynyk to third
1-0: Ball
2-0: Ball
3-0: Called Strike
3-1: Base on Balls
Batting: LHB Nick Rooney 0-0: Called Strike
0-1: Called Strike
0-2: Ball
1-2: Ball
2-2: SINGLE (Line Drive, 78M, EV 93.8 MPH)
Matviy Oliynyk scores
Wali Mulogo to second
Batting: SHB Craig Ruzic 0-0: Called Strike
0-1: Ground out 1-3 (Groundball, 13S, EV 68.8 MPH)
Top of the 1st over - 3 runs, 4 hits, 0 errors, 2 left on base; Colorado 3 - Portland 0
BOTTOM OF THE 1ST
Portland Angels batting - Pitching for Colorado Avalanche : RHP David Landa
Pitching: RHP David Landa
Batting: RHB Nick Lombardo 0-0: SINGLE (Flyball, 6MD, EV 88.8 MPH)
Batting: RHB Daniel Molina 0-0: Ground out 5-3 (Groundball, 56S, EV 63.1 MPH)
Nick Lombardo to second
Batting: LHB Jonathon Walton 0-0: Ball
1-0: Called Strike
1-1: 2-RUN HOME RUN (Flyball, 89XD, EV 101.9 MPH), Distance : 411 ft
Batting: RHB Timoleon Tsikouna 0-0: Ball
1-0: Swinging Strike
1-1: Fly out, F9 (Flyball, 9, EV 93.1 MPH)
Batting: RHB Kyle Gray 0-0: Ball
1-0: Ball
2-0: Foul Ball, location: 2F
2-1: Called Strike
2-2: Ball
3-2: Base on Balls
Batting: SHB Danny Gelinas 0-0: SINGLE (Groundball, 4D, EV 97.5 MPH)
Kyle Gray to second
Batting: RHB Peter Westover 0-0: Foul Ball, location: 2F
0-1: Fly out, F8 (Flyball, 78D, EV 89.4 MPH)
Bottom of the 1st over - 2 runs, 3 hits, 0 errors, 2 left on base; Colorado 3 - Portland 2
TOP OF THE 2ND
Colorado Avalanche batting - Pitching for Portland Angels : RHP Travis Plesz
Batting: RHB Manny Thompson 0-0: Foul Ball, location: 2F
0-1: Foul Ball, location: 2F
0-2: Foul Ball, location: 2F
0-2: Fly out, F9 (Flyball, 89S, EV 93.1 MPH)
Batting: RHB Zakhar Edelman 0-0: Ball
1-0: Foul Ball, location: 2F
1-1: SINGLE (Flyball, 89M, EV 92.5 MPH)
Batting: LHB Michael Krott 0-0: Foul Ball, location: 2F
0-1: Foul Ball, location: 2F
0-2: Ball
1-2: Grounds into double play, 4-6-3 (Groundball, 4, EV 76.9 MPH)
Top of the 2nd over - 0 runs, 1 hit, 0 errors, 0 left on base; Colorado 3 - Portland 2
BOTTOM OF THE 2ND
Portland Angels batting - Pitching for Colorado Avalanche : RHP David Landa
Batting: RHB Rory Cobb 0-0: Ball
1-0: SINGLE (Groundball, 3S, EV 64.4 MPH) (infield hit)
Batting: RHB Carlos Gonzales 0-0: Ball
1-0: Ball
2-0: Called Strike
2-1: Called Strike
2-2: Fly out, F7 (Flyball, 7D, EV 96.2 MPH)
Batting: RHB Nick Lombardo 0-0: Called Strike
Rory Cobb steals 2nd base
0-1: Ball
1-1: Fly out, F8 (Flyball, 8RXD, EV 75.6 MPH)
Runner from 2nd tags up, SAFE at 3rd, no throw by CF
Batting: RHB Daniel Molina 0-0: Foul Ball, location: 2F
0-1: Ball
1-1: Ball
2-1: Ball
3-1: Foul Ball, location: 2F
3-2: Base on Balls
Batting: LHB Jonathon Walton 0-0: Ball
1-0: Ball
2-0: Ball
Daniel Molina steals 2nd base
3-0: Called Strike
3-1: Fly out, F6 (Flyball, 6D, EV 88.1 MPH)
Bottom of the 2nd over - 0 runs, 1 hit, 0 errors, 2 left on base; Colorado 3 - Portland 2
TOP OF THE 3RD
Colorado Avalanche batting - Pitching for Portland Angels : RHP Travis Plesz
Batting: RHB Ray Insley 0-0: Ball
1-0: Foul Ball, location: 2F
1-1: Foul Ball, location: 2F
1-2: Fly out, F7 (Flyball, 7S, EV 88.8 MPH)
Batting: LHB Harry Folsom 0-0: Ball
1-0: Ball
2-0: Foul Ball, location: 2F
2-1: SOLO HOME RUN (Flyball, 7LD, EV 90.6 MPH), Distance : 333 ft
Batting: RHB Matviy Oliynyk 0-0: Swinging Strike
0-1: Foul Ball, location: 2F
0-2: Ball
1-2: Ball
2-2: Ball
3-2: Foul Ball, location: 2F
3-2: Strikes out swinging
Batting: RHB Wali Mulogo 0-0: Called Strike
0-1: DOUBLE (Flyball, 78XD, EV 109.4 MPH)
Batting: LHB Nick Rooney 0-0: 2-RUN HOME RUN (Flyball, 8RXD, EV 113.1 MPH), Distance : 428 ft
Batting: SHB Craig Ruzic 0-0: Called Strike
0-1: Ball
1-1: SINGLE (Groundball, 3D, EV 108.1 MPH)
Pitching: RHP Sean Rocha
Batting: RHB Manny Thompson 0-0: Ball
Craig Ruzic steals 2nd base
1-0: Foul Ball, location: 2F
1-1: Swinging Strike
1-2: Ball
2-2: Fly out, F4 (Flyball, 3D, EV 71.2 MPH)
Top of the 3rd over - 3 runs, 4 hits, 0 errors, 1 left on base; Colorado 6 - Portland 2
BOTTOM OF THE 3RD
Portland Angels batting - Pitching for Colorado Avalanche : RHP David Landa
Batting: RHB Timoleon Tsikouna 0-0: Ball
1-0: Ball
2-0: Called Strike
2-1: Ball
3-1: Foul Ball, location: 2F
3-2: Fly out, F8 (Flyball, 78D, EV 103.8 MPH)
Batting: RHB Kyle Gray 0-0: Ball
1-0: Called Strike
1-1: Ball
2-1: Fly out, F9 (Flyball, 9LM, EV 97.5 MPH)
Batting: SHB Danny Gelinas 0-0: Called Strike
0-1: Foul Ball, location: 2F
0-2: Ball
1-2: Ball
2-2: Ground out 4-3 (Groundball, 34D, EV 108.1 MPH)
Bottom of the 3rd over - 0 runs, 0 hits, 0 errors, 0 left on base; Colorado 6 - Portland 2
TOP OF THE 4TH
Colorado Avalanche batting - Pitching for Portland Angels : RHP Sean Rocha
Batting: RHB Zakhar Edelman 0-0: Ball
1-0: Ground out 5-3 (Groundball, 5, EV 84.4 MPH)
Batting: LHB Michael Krott 0-0: Ball
1-0: Swinging Strike
1-1: Foul Ball, location: 2F
1-2: Ball
2-2: Foul Ball, location: 2F
2-2: SOLO HOME RUN (Flyball, 7D, EV 95.0 MPH), Distance : 365 ft
Batting: RHB Ray Insley 0-0: Foul Ball, location: 2F
0-1: Ball
1-1: Fly out, F4 (Popup, 4, EV 72.5 MPH)
Batting: LHB Harry Folsom 0-0: Called Strike
0-1: Ball
1-1: Ball
2-1: Swinging Strike
2-2: Foul Ball, location: 2F
2-2: SINGLE (Groundball, 4MD, EV 101.9 MPH)
Batting: RHB Matviy Oliynyk 0-0: Ball
1-0: Ball
Passed Ball!
Harry Folsom to second
2-0: Ball
3-0: Called Strike
3-1: SINGLE (Groundball, 13S, EV 72.5 MPH) (infield hit)
Harry Folsom to third
Batting: RHB Wali Mulogo 0-0: Called Strike
0-1: SINGLE (Groundball, 56S, EV 61.2 MPH) (infield hit)
Harry Folsom scores
Matviy Oliynyk to second
Pinch Runner at 1st Mike McElroy:
Batting: LHB Nick Rooney 0-0: Ball
1-0: Ball
2-0: Foul Ball, location: 2F
2-1: Swinging Strike
2-2: SINGLE (Groundball, 25, EV 66.2 MPH) (infield hit)
Matviy Oliynyk to third
Mike McElroy to second
Batting: SHB Craig Ruzic 0-0: Called Strike
0-1: Ball
1-1: Ground out U3 (Groundball, 3S, EV 68.8 MPH)
Top of the 4th over - 2 runs, 5 hits, 0 errors, 3 left on base; Colorado 8 - Portland 2
BOTTOM OF THE 4TH
Portland Angels batting - Pitching for Colorado Avalanche : RHP David Landa
Batting: RHB Peter Westover 0-0: Ball
1-0: Ball
2-0: Foul Ball, location: 2F
2-1: Fly out, F8 (Flyball, 8LD, EV 101.9 MPH)
Batting: RHB Rory Cobb 0-0: Ball
1-0: Swinging Strike
1-1: Ball
2-1: Ball
3-1: Base on Balls
Batting: RHB Carlos Gonzales 0-0: Fielders Choice at 2nd, 6-4 (Groundball, 6, EV 88.1 MPH)
Batting: RHB Nick Lombardo 0-0: Called Strike
0-1: Ball
1-1: Ball
Carlos Gonzales steals 2nd base
2-1: Called Strike
2-2: SINGLE (Groundball, 6MD, EV 105.0 MPH)
Carlos Gonzales to third
Runner from 3rd tries for Home, SAFE, throw by CF to home
Batting: RHB Daniel Molina 0-0: Ball
1-0: Swinging Strike
1-1: Ball
2-1: Called Strike
2-2: DOUBLE (Flyball, 8LXD, EV 95.6 MPH)
Nick Lombardo to third
Batting: LHB Jonathon Walton 0-0: Ball
1-0: Called Strike
1-1: Swinging Strike
1-2: Foul Ball, location: 2F
1-2: SINGLE (Line Drive, 9S, EV 96.2 MPH)
Nick Lombardo scores
Daniel Molina to third
Runner from 3rd tries for Home, SAFE, throw by RF to home
Batting: RHB Timoleon Tsikouna 0-0: Ball
1-0: Fly out, F8 (Flyball, 89S, EV 79.4 MPH)
Bottom of the 4th over - 3 runs, 3 hits, 0 errors, 1 left on base; Colorado 8 - Portland 5
TOP OF THE 5TH
Colorado Avalanche batting - Pitching for Portland Angels : RHP Sean Rocha
Batting: RHB Manny Thompson 0-0: Called Strike
0-1: Foul Ball, location: 2F
0-2: Foul Ball, location: 2F
0-2: Ball
1-2: Ground out U3 (Groundball, 3, EV 105.6 MPH)
Batting: RHB Zakhar Edelman 0-0: Foul Ball, location: 2F
0-1: Ball
1-1: Ball
2-1: Fly out, F7 (Flyball, 7, EV 86.2 MPH)
Batting: LHB Michael Krott 0-0: Ball
1-0: Foul Ball, location: 2F
1-1: Ball
2-1: Foul Ball, location: 2F
2-2: Hit by Pitch
Batting: RHB Ray Insley 0-0: Ball
1-0: SINGLE (Line Drive, 8LS, EV 93.8 MPH)
Michael Krott to second
Runner from 2nd tries for 3rd, SAFE after rundown.
Batting: LHB Harry Folsom 0-0: Ball
Ray Insley steals 2nd base
1-0: Foul Ball, location: 2F
1-1: Ball
2-1: 3-RUN HOME RUN (Flyball, 9LD, EV 93.8 MPH), Distance : 339 ft
Batting: RHB Matviy Oliynyk 0-0: Foul Ball, location: 2F
0-1: SINGLE (Flyball, 9S, EV 93.1 MPH)
Batting: RHB Mike McElroy 0-0: Ball
1-0: Ball
2-0: Ball
3-0: Called Strike
3-1: Base on Balls
Matviy Oliynyk to second
Pitching: RHP Trevor Kingston
Batting: LHB Nick Rooney 0-0: Ball
1-0: Swinging Strike
1-1: Foul Ball, location: 2F
1-2: Foul Ball, location: 2F
1-2: Ball
2-2: Foul Ball, location: 2F
2-2: Strikes out looking
Top of the 5th over - 3 runs, 3 hits, 0 errors, 2 left on base; Colorado 11 - Portland 5
BOTTOM OF THE 5TH
Portland Angels batting - Pitching for Colorado Avalanche : RHP David Landa
Pitching: RHP Josh Blaschke
Batting: RHB Kyle Gray 0-0: Ball
1-0: Ground out 6-3 (Groundball, 6, EV 83.8 MPH)
Batting: SHB Danny Gelinas 0-0: Foul Ball, location: 2F
0-1: Ball
1-1: Ball
2-1: Swinging Strike
2-2: Fly out, F7 (Flyball, 78M, EV 89.4 MPH)
Batting: RHB Peter Westover 0-0: Ground out 6-3 (Groundball, 6, EV 87.5 MPH)
Bottom of the 5th over - 0 runs, 0 hits, 0 errors, 0 left on base; Colorado 11 - Portland 5
TOP OF THE 6TH
Colorado Avalanche batting - Pitching for Portland Angels : RHP Trevor Kingston
Batting: SHB Craig Ruzic 0-0: Swinging Strike
0-1: Ball
1-1: Foul Ball, location: 2F
1-2: Fly out, F4 (Flyball, 34D, EV 75.0 MPH)
Batting: RHB Manny Thompson 0-0: Called Strike
0-1: Ground out 4-3 (Groundball, 4, EV 81.9 MPH)
Batting: RHB Zakhar Edelman 0-0: Reached on error, E6 (Groundball, 6MS, EV 79.4 MPH)
Batting: LHB Michael Krott 0-0: Called Strike
0-1: Foul Ball, location: 2F
0-2: Ball
1-2: Foul Ball, location: 2F
1-2: Ball
2-2: Foul Ball, location: 2F
2-2: 2-RUN HOME RUN (Flyball, 9D, EV 105.0 MPH), Distance : 393 ft
Batting: RHB Ray Insley 0-0: Ball
1-0: Foul Ball, location: 2F
1-1: Fly out, F8 (Flyball, 8RD, EV 82.5 MPH)
Top of the 6th over - 2 runs, 1 hit, 1 error, 0 left on base; Colorado 13 - Portland 5
BOTTOM OF THE 6TH
Portland Angels batting - Pitching for Colorado Avalanche : RHP Josh Blaschke
Batting: RHB Rory Cobb 0-0: Ground out U3 (Groundball, 3L, EV 86.2 MPH)
Batting: RHB Carlos Gonzales 0-0: Ball
1-0: Swinging Strike
1-1: Called Strike
1-2: Strikes out swinging
Batting: RHB Nick Lombardo 0-0: Ball
1-0: Ball
2-0: Ball
3-0: Foul Ball, location: 2F
3-1: Called Strike
3-2: SOLO HOME RUN (Flyball, 7LD, EV 95.0 MPH), Distance : 348 ft
Batting: RHB Daniel Molina 0-0: Ball
1-0: Called Strike
1-1: Fly out, F9 (Flyball, 9D, EV 91.9 MPH)
Bottom of the 6th over - 1 run, 1 hit, 0 errors, 0 left on base; Colorado 13 - Portland 6
TOP OF THE 7TH
Colorado Avalanche batting - Pitching for Portland Angels : RHP Trevor Kingston
Pinch Hitting: RHB Carlos de Jesus 0-0: Called Strike
0-1: Foul Ball, location: 2F
0-2: Ball
1-2: Ball
2-2: Foul Ball, location: 2F
2-2: Ground out 1-3 (Groundball, P, EV 72.5 MPH)
Pinch Hitting: LHB Daniel Green 0-0: Swinging Strike
0-1: Called Strike
0-2: Ball
1-2: Fly out, F9 (Flyball, 9LM, EV 90.0 MPH)
Batting: RHB Mike McElroy 0-0: Ball
1-0: Ball
2-0: Foul Ball, location: 2F
2-1: SINGLE (Line Drive, 5D, EV 94.4 MPH)
Batting: LHB Nick Rooney 0-0: TRIPLE (Flyball, 78XD, EV 109.4 MPH)
Mike McElroy scores
Pinch Hitting: LHB Georges Lambert 0-0: Called Strike
0-1: Ball
1-1: Foul Ball, location: 2F
1-2: Ball
2-2: DOUBLE (Line Drive, 7LM, EV 94.4 MPH)
Nick Rooney scores
Batting: RHB Manny Thompson 0-0: Ball
1-0: Ball
2-0: Fly out, F4 (Popup, 4, EV 62.5 MPH)
Top of the 7th over - 2 runs, 3 hits, 0 errors, 1 left on base; Colorado 15 - Portland 6
BOTTOM OF THE 7TH
Portland Angels batting - Pitching for Colorado Avalanche : RHP Josh Blaschke
Now at 2B: Carlos de Jesus
Now at 3B: Daniel Green
Now at SS: Georges Lambert
Batting: LHB Jonathon Walton 0-0: Ball
1-0: Foul Ball, location: 2F
1-1: Ground out 6-3 (Groundball, 6S, EV 89.4 MPH)
Batting: RHB Timoleon Tsikouna 0-0: Ball
1-0: Ball
2-0: Ground out 4-3 (Groundball, 34, EV 98.1 MPH)
Batting: RHB Kyle Gray 0-0: Ground out 4-3 (Groundball, 4M, EV 84.4 MPH)
Bottom of the 7th over - 0 runs, 0 hits, 0 errors, 0 left on base; Colorado 15 - Portland 6
TOP OF THE 8TH
Colorado Avalanche batting - Pitching for Portland Angels : RHP Trevor Kingston
Pinch Hitting: RHB Seisaburo Edagawa 0-0: Called Strike
0-1: Ball
1-1: Ball
2-1: Foul Ball, location: 2F
2-2: Ball
3-2: Base on Balls
Pinch Hitting: RHB Josh Lofgreen 0-0: Ball
1-0: Ball
2-0: Foul Ball, location: 2F
2-1: Ball
3-1: Base on Balls
Seisaburo Edagawa to second
Pinch Hitting: SHB Rich McDonald 0-0: Ball
1-0: Called Strike
1-1: Ball
2-1: Ball
3-1: Swinging Strike
3-2: Base on Balls
Seisaburo Edagawa to third
Josh Lofgreen to second
Pitching: RHP Dan Myers
Batting: RHB Carlos de Jesus 0-0: Ball
1-0: Foul Ball, location: 2F
1-1: Foul Ball, location: 2F
1-2: Ball
2-2: Fly out, F9 (Flyball, 9D, EV 95.0 MPH)
Runner from 3rd tags up, SCORES, no throw by RF
Josh Lofgreen to third
Pinch Hitting: RHB Justin Garrett 0-0: Ball
1-0: SINGLE (Groundball, 56D, EV 96.2 MPH)
Josh Lofgreen scores
Rich McDonald to second
Batting: RHB Mike McElroy 0-0: Swinging Strike
0-1: Ball
1-1: Called Strike
1-2: Hit by Pitch
Rich McDonald to third
Justin Garrett to second
Batting: LHB Nick Rooney 0-0: Ball
1-0: Ball
2-0: Ball
3-0: Base on Balls
Rich McDonald scores
Justin Garrett to third
Mike McElroy to second
Batting: LHB Georges Lambert 0-0: Ball
1-0: Fielders Choice at 2nd, 5-4 (Groundball, 5, EV 86.9 MPH)
Justin Garrett scores
Mike McElroy to third
Batting: RHB Manny Thompson 0-0: Ball
1-0: Foul Ball, location: 2F
1-1: Ball
2-1: Called Strike
2-2: Ball
3-2: Foul Ball, location: 2F
3-2: Ground out 4-3 (Groundball, 34, EV 88.1 MPH)
Top of the 8th over - 4 runs, 1 hit, 0 errors, 2 left on base; Colorado 19 - Portland 6
BOTTOM OF THE 8TH
Portland Angels batting - Pitching for Colorado Avalanche : RHP Josh Blaschke
Now at 3B: Rich McDonald
Now in LF: Chris Osting
Now in CF: Seisaburo Edagawa
Now in RF: Nick Martin
Batting: SHB Danny Gelinas 0-0: Swinging Strike
0-1: Foul Ball, location: 2F
0-2: Foul Ball, location: 2F
0-2: Ball
1-2: Foul Ball, location: 2F
1-2: Foul Ball, location: 2F
1-2: Ground out 4-3 (Groundball, 4, EV 88.8 MPH)
Pitching: RHP Jim Crooks
Batting: RHB Peter Westover 0-0: Ground out 5-3 (Groundball, 5L, EV 98.8 MPH)
Pinch Hitting: LHB Alberto Carrillo 0-0: Ball
1-0: DOUBLE (Groundball, 3L, EV 96.9 MPH)
Pinch Hitting: SHB Adrian Orosco 0-0: Ball
1-0: Called Strike
1-1: Called Strike
1-2: Ball
2-2: Foul Ball, location: 2F
2-2: SINGLE (Groundball, 34D, EV 93.8 MPH)
Alberto Carrillo to third
Batting: RHB Nick Lombardo 0-0: Called Strike
0-1: Fielders Choice at 2nd, 6-4 (Groundball, 6, EV 81.2 MPH)
Bottom of the 8th over - 0 runs, 2 hits, 0 errors, 2 left on base; Colorado 19 - Portland 6
TOP OF THE 9TH
Colorado Avalanche batting - Pitching for Portland Angels : RHP Dan Myers
Now in LF: Ricky Mejicanos
Now in CF: Alberto Carrillo
Pinch Hitting: LHB Luke Coulter 0-0: Fly out, F5 (Popup, 25F, EV 91.2 MPH)
Batting: RHB Chris Osting 0-0: Foul Ball, location: 2F
0-1: Ball
1-1: Ball
2-1: Ball
3-1: Ground out U3 (Groundball, 3L, EV 105.0 MPH)
Batting: SHB Rich McDonald 0-0: Swinging Strike
0-1: Fly out, F7 (Flyball, 7, EV 78.8 MPH)
Top of the 9th over - 0 runs, 0 hits, 0 errors, 0 left on base; Colorado 19 - Portland 6
BOTTOM OF THE 9TH
Portland Angels batting - Pitching for Colorado Avalanche : RHP Jim Crooks
Now in CF: Clayton Saunders
Batting: RHB Daniel Molina 0-0: Called Strike
0-1: Ball
1-1: Ground out 5-3 (Groundball, 56S, EV 81.9 MPH)
Batting: LHB Jonathon Walton 0-0: Foul Ball, location: 2F
0-1: Fly out, F7 (Flyball, 7LM, EV 109.4 MPH)
Batting: RHB Timoleon Tsikouna 0-0: Called Strike
0-1: Foul Ball, location: 2F
0-2: Ball
1-2: Foul Ball, location: 2F
1-2: Fly out, F9 (Flyball, 9, EV 76.9 MPH)
Bottom of the 9th over - 0 runs, 0 hits, 0 errors, 0 left on base; Colorado 19 - Portland 6
Wednesday, June 22nd , 2022 - OOTP Baseball 23.4 Build 64